[ AOE2 MATCH · #478552624 ]
UnrankedHindustanis vs Bohemians
[ REPLAY ANALYSIS · EXTRACTED FROM THE RECORDED GAME ]
Feudal
11:21
Castle
14:59
Imperial
29:01
| APM avg | 38.0 |
| APM peak | 92 |
| eAPM avg | 16.5 |
| Villagers / military | 153 / 266 |
Focus
⚔️ 26.3% · 🌾 73.7%
Camel Scout ×249 · Armored Elephant ×12 · Monk ×3 · Bombard Cannon ×2
Feudal
12:12
Castle
17:05
Imperial
29:55
| APM avg | 35.4 |
| APM peak | 98 |
| eAPM avg | 18.5 |
| Villagers / military | 127 / 105 |
Focus
⚔️ 26.9% · 🌾 73.1%
Archer ×76 · Bombard Cannon ×9 · Hussite Wagon ×6 · Mangonel ×4 · Spearman ×4 · Monk ×2
Feudal
8:54
Castle
23:28
Imperial
28:28
| APM avg | 55.7 |
| APM peak | 119 |
| eAPM avg | 32.3 |
| Villagers / military | 192 / 60 |
Focus
⚔️ 33.5% · 🌾 66.5%
Spearman ×22 · Bombard Cannon ×15 · Militia ×14 · Teutonic Knight ×4 · Battering Ram ×2 · Trebuchet (Packed) ×2
Feudal
—
Castle
—
Imperial
—
| APM avg | 56.5 |
| APM peak | 95 |
| eAPM avg | 32.6 |
| Villagers / military | 216 / 80 |
Focus
⚔️ 24.7% · 🌾 75.3%
Battle Elephant ×27 · Scorpion ×15 · Spearman ×15 · Trebuchet (Packed) ×8 · Battering Ram ×5 · Monk ×4
Feudal
10:36
Castle
16:14
Imperial
37:03
| APM avg | 48.9 |
| APM peak | 109 |
| eAPM avg | 17.2 |
| Villagers / military | 131 / 93 |
Focus
⚔️ 35.2% · 🌾 64.8%
Conquistador ×51 · Knight ×28 · Petard ×9 · Battering Ram ×5
Feudal
8:53
Castle
24:43
Imperial
37:42
| APM avg | 40.8 |
| APM peak | 88 |
| eAPM avg | 27.0 |
| Villagers / military | 151 / 214 |
Focus
⚔️ 44.8% · 🌾 55.2%
Spearman ×195 · Battering Ram ×14 · Mangonel ×3 · Militia ×2
Feudal
12:16
Castle
16:23
Imperial
29:22
| APM avg | 46.4 |
| APM peak | 82 |
| eAPM avg | 23.6 |
| Villagers / military | 174 / 423 |
Focus
⚔️ 29.7% · 🌾 70.3%
Steppe Lancer ×253 · Spearman ×114 · Scout Cavalry ×56
Feudal
10:06
Castle
14:01
Imperial
30:42
| APM avg | 51.5 |
| APM peak | 106 |
| eAPM avg | 32.5 |
| Villagers / military | 125 / 149 |
Focus
⚔️ 65.9% · 🌾 34.1%
Archer ×140 · Mangonel ×4 · Trebuchet (Packed) ×3 · Monk ×2
Match map
Initial resources + every placement click. Lines = walls · curves = elevation contours. ◆ gold · ⬟ stone · ● berries · ✦ relic · ◌ wall gap
Your base· ✓ Closed at 14:59 · 0t walls · 3 gate(s)
Bzm_Castle's base· ✓ Closed at 17:05 · 0t walls · 3 gate(s)
Théoden's base· ✓ Closed at 23:28 · 0t walls · 3 gate(s)
SimmaHem7912's base· ✓ Closed at 11:05 · 0t walls · 3 gate(s)
ATABEY's base· ✓ Closed at 16:14 · 0t walls · 2 gate(s)
BF_Xin's base· ✓ Closed at 24:43 · 30t walls · 2 gate(s)
Bzm_Going's base· ✓ Closed at 16:23 · 0t walls · 2 gate(s)
Saruman's base· ✓ Closed at 14:01 · 0t walls · 2 gate(s)
Smoothed initial terrain · ◌ = detected wall gap · hover for details
Inputs per minute
— pokka86 - - Bzm_Castle
Build order — pokka86
First 150 of 394 actions detected
| 0:01 | Create | Villager (Male) |
| 0:01 | Create | Villager (Male) |
| 0:01 | Create | Villager (Male) |
| 0:01 | Create | Villager (Male) |
| 0:03 | Build | House |
| 0:04 | Build | House |
| 1:11 | Create | Villager (Male) |
| 1:11 | Create | Villager (Male) |
| 1:36 | Create | Villager (Male) |
| 1:36 | Create | Villager (Male) |
| 1:48 | Build | Lumber Camp |
| 2:02 | Create | Villager (Male) |
| 2:02 | Create | Villager (Male) |
| 2:24 | Create | Villager (Male) |
| 2:52 | Create | Villager (Male) |
| 2:52 | Create | Villager (Male) |
| 3:44 | Create | Villager (Male) |
| 3:45 | Create | Villager (Male) |
| 3:45 | Create | Villager (Male) |
| 3:45 | Create | Villager (Male) |
| 3:55 | Build | House |
| 4:14 | Build | House |
| 4:17 | Build | Mill |
| 4:34 | Create | Villager (Male) |
| 4:34 | Create | Villager (Male) |
| 4:48 | Build | House |
| 5:15 | Create | Villager (Male) |
| 5:15 | Create | Villager (Male) |
| 5:16 | Create | Villager (Male) |
| 5:41 | Create | Villager (Male) |
| 5:41 | Create | Villager (Male) |
| 5:41 | Create | Villager (Male) |
| 5:42 | Create | Villager (Male) |
| 6:19 | Create | Villager (Male) |
| 7:13 | Create | Villager (Male) |
| 7:13 | Create | Villager (Male) |
| 8:06 | Create | Villager (Male) |
| 8:39 | Research | Feudal Age |
| 8:49 | Build | Mining Camp |
| 10:13 | Create | Villager (Male) |
| 10:13 | Create | Villager (Male) |
| 10:17 | Build | Farm |
| 10:18 | Build | Farm |
| 10:19 | Build | Farm |
| 10:20 | Build | Farm |
| 11:21 | Age | Feudal Age |
| 11:23 | Build | Market |
| 11:26 | Build | Blacksmith |
| 11:35 | Build | House |
| 11:36 | Build | House |
| 12:19 | Research | Castle Age |
| 12:20 | Research | Castle Age |
| 12:23 | Research | Double-Bit Axe |
| 12:49 | Build | House |
| 12:50 | Build | House |
| 12:56 | Research | Horse Collar |
| 13:03 | Build | Farm |
| 13:05 | Build | Farm |
| 13:47 | Create | Villager (Male) |
| 14:00 | Build | House |
| 14:59 | Age | Castle Age |
| 15:02 | Build | Monastery |
| 15:04 | Research | Bow Saw |
| 15:05 | Research | Heavy Plow |
| 15:16 | Build | Town Center |
| 15:19 | Create | Villager (Male) |
| 15:30 | Build | Town Center |
| 15:48 | Build | House |
| 15:50 | Create | Monk |
| 16:15 | Create | Villager (Male) |
| 16:15 | Create | Villager (Male) |
| 16:15 | Create | Villager (Male) |
| 16:25 | Build | House |
| 16:26 | Build | House |
| 16:39 | Create | Villager (Male) |
| 16:39 | Create | Villager (Male) |
| 16:46 | Build | Farm |
| 17:00 | Create | Villager (Male) |
| 17:00 | Create | Villager (Male) |
| 17:04 | Build | Farm |
| 17:08 | Build | Farm |
| 17:12 | Build | Farm |
| 17:13 | Build | Farm |
| 17:23 | Create | Villager (Male) |
| 17:23 | Create | Villager (Male) |
| 17:24 | Create | Villager (Male) |
| 17:50 | Create | Villager (Male) |
| 18:02 | Create | Villager (Male) |
| 18:02 | Create | Villager (Male) |
| 18:02 | Create | Villager (Male) |
| 18:07 | Build | House |
| 18:10 | Build | Farm |
| 18:11 | Build | Farm |
| 18:11 | Build | Farm |
| 18:11 | Build | Farm |
| 18:18 | Build | Farm |
| 18:23 | Build | Farm |
| 18:24 | Build | Farm |
| 18:33 | Build | Farm |
| 18:39 | Build | Outpost |
| 18:40 | Create | Villager (Male) |
| 18:43 | Create | Villager (Male) |
| 18:43 | Create | Villager (Male) |
| 18:43 | Create | Villager (Male) |
| 18:45 | Build | House |
| 18:46 | Build | House |
| 18:47 | Create | Villager (Male) |
| 18:48 | Create | Villager (Male) |
| 18:58 | Research | Loom |
| 19:00 | Create | Villager (Male) |
| 19:00 | Create | Villager (Male) |
| 19:05 | Build | Farm |
| 19:06 | Build | Farm |
| 19:10 | Build | Farm |
| 19:13 | Build | Farm |
| 19:14 | Build | Farm |
| 19:16 | Create | Villager (Male) |
| 19:16 | Create | Villager (Male) |
| 19:25 | Create | Villager (Male) |
| 19:26 | Create | Villager (Male) |
| 19:32 | Build | Farm |
| 19:39 | Build | Outpost |
| 19:41 | Create | Villager (Male) |
| 19:41 | Create | Villager (Male) |
| 19:43 | Build | House |
| 19:44 | Build | House |
| 20:03 | Research | Wheelbarrow |
| 20:23 | Build | Town Center |
| 20:25 | Create | Villager (Male) |
| 20:25 | Create | Villager (Male) |
| 20:44 | Create | Villager (Male) |
| 20:45 | Create | Villager (Male) |
| 20:50 | Build | House |
| 21:01 | Build | Palisade Wall |
| 21:02 | Build | Palisade Wall |
| 21:04 | Build | Palisade Wall |
| 21:06 | Create | Villager (Male) |
| 21:06 | Create | Villager (Male) |
| 21:11 | Build | Town Center |
| 21:22 | Build | Outpost |
| 21:23 | Create | Villager (Male) |
| 21:23 | Create | Villager (Male) |
| 21:32 | Build | Lumber Camp |
| 21:36 | Build | House |
| 21:41 | Create | Villager (Male) |
| 21:42 | Create | Villager (Male) |
| 21:42 | Create | Villager (Male) |
| 22:00 | Build | House |
| 22:05 | Build | House |
| 22:07 | Build | Palisade Wall |
Build order — Bzm_Castle
First 150 of 308 actions detected
| 0:01 | Create | Villager (Male) |
| 0:02 | Create | Villager (Male) |
| 0:03 | Build | House |
| 0:05 | Build | House |
| 0:23 | Create | Villager (Male) |
| 0:23 | Create | Villager (Male) |
| 0:23 | Create | Villager (Male) |
| 1:20 | Create | Villager (Male) |
| 1:20 | Create | Villager (Male) |
| 1:52 | Create | Villager (Male) |
| 1:53 | Create | Villager (Male) |
| 2:23 | Create | Villager (Male) |
| 2:24 | Create | Villager (Male) |
| 2:27 | Build | Lumber Camp |
| 2:53 | Create | Villager (Male) |
| 2:54 | Create | Villager (Male) |
| 3:02 | Create | Villager (Male) |
| 3:02 | Create | Villager (Male) |
| 3:29 | Build | House |
| 3:41 | Create | Villager (Male) |
| 3:41 | Create | Villager (Male) |
| 3:42 | Create | Villager (Male) |
| 4:27 | Create | Villager (Male) |
| 4:27 | Create | Villager (Male) |
| 4:40 | Create | Villager (Male) |
| 4:41 | Create | Villager (Male) |
| 4:42 | Create | Villager (Male) |
| 4:42 | Create | Villager (Male) |
| 4:42 | Create | Villager (Male) |
| 5:00 | Create | Villager (Male) |
| 5:00 | Create | Villager (Male) |
| 5:21 | Build | House |
| 5:27 | Create | Villager (Male) |
| 5:27 | Create | Villager (Male) |
| 6:10 | Build | Mining Camp |
| 6:13 | Build | Mill |
| 6:26 | Create | Villager (Male) |
| 6:26 | Create | Villager (Male) |
| 6:41 | Create | Villager (Male) |
| 6:45 | Create | Villager (Male) |
| 6:45 | Create | Villager (Male) |
| 6:49 | Build | House |
| 7:32 | Build | Lumber Camp |
| 7:38 | Create | Villager (Male) |
| 8:55 | Build | Mining Camp |
| 9:14 | Build | Farm |
| 9:18 | Build | Farm |
| 9:26 | Research | Feudal Age |
| 10:15 | Build | Farm |
| 10:21 | Build | Farm |
| 10:24 | Create | Villager (Male) |
| 10:27 | Build | House |
| 10:39 | Build | Farm |
| 11:37 | Build | Farm |
| 11:40 | Build | Farm |
| 11:43 | Create | Villager (Male) |
| 12:12 | Age | Feudal Age |
| 12:17 | Build | Blacksmith |
| 12:30 | Build | Market |
| 12:52 | Build | Farm |
| 12:59 | Create | Villager (Male) |
| 13:06 | Build | Farm |
| 13:24 | Create | Villager (Male) |
| 13:29 | Build | Farm |
| 13:36 | Create | Villager (Male) |
| 14:25 | Research | Castle Age |
| 14:26 | Research | Castle Age |
| 14:39 | Build | House |
| 15:04 | Research | Double-Bit Axe |
| 15:05 | Research | Double-Bit Axe |
| 15:05 | Research | Horse Collar |
| 15:05 | Research | Horse Collar |
| 16:22 | Create | Villager (Male) |
| 17:00 | Research | Wheelbarrow |
| 17:05 | Age | Castle Age |
| 17:15 | Build | Castle |
| 17:24 | Build | Monastery |
| 17:31 | Create | Villager (Male) |
| 17:40 | Build | Town Center |
| 17:54 | Build | House |
| 17:56 | Build | House |
| 17:57 | Build | House |
| 18:18 | Create | Monk |
| 18:19 | Research | Fervor |
| 18:37 | Create | Villager (Male) |
| 18:44 | Build | Town Center |
| 18:49 | Build | Farm |
| 18:51 | Create | Villager (Male) |
| 19:03 | Create | Villager (Male) |
| 19:03 | Create | Villager (Male) |
| 19:06 | Research | Town Watch |
| 19:06 | Research | Hand Cart |
| 19:08 | Create | Villager (Male) |
| 19:08 | Create | Villager (Male) |
| 19:08 | Create | Villager (Male) |
| 19:34 | Create | Petard |
| 19:34 | Create | Petard |
| 19:38 | Build | Farm |
| 20:01 | Create | Villager (Male) |
| 20:01 | Create | Villager (Male) |
| 20:28 | Create | Villager (Male) |
| 20:28 | Create | Villager (Male) |
| 20:29 | Create | Villager (Male) |
| 20:29 | Create | Villager (Male) |
| 20:53 | Create | Hussite Wagon |
| 20:54 | Create | Hussite Wagon |
| 21:09 | Create | Villager (Male) |
| 21:09 | Create | Villager (Male) |
| 21:09 | Create | Villager (Male) |
| 21:33 | Create | Monk |
| 21:50 | Create | Hussite Wagon |
| 21:50 | Create | Hussite Wagon |
| 21:50 | Create | Hussite Wagon |
| 21:59 | Build | Siege Workshop |
| 22:05 | Build | House |
| 22:06 | Build | House |
| 22:07 | Build | House |
| 22:08 | Create | Villager (Male) |
| 22:08 | Create | Villager (Male) |
| 22:09 | Create | Villager (Male) |
| 22:13 | Build | Farm |
| 22:16 | Research | Heavy Plow |
| 22:16 | Research | Heavy Plow |
| 22:21 | Create | Villager (Male) |
| 22:21 | Create | Villager (Male) |
| 22:21 | Create | Villager (Male) |
| 22:22 | Create | Villager (Male) |
| 22:25 | Build | Farm |
| 22:27 | Build | Farm |
| 22:30 | Build | Farm |
| 22:42 | Create | Hussite Wagon |
| 22:47 | Create | Villager (Male) |
| 22:47 | Create | Villager (Male) |
| 23:23 | Create | Villager (Male) |
| 23:23 | Create | Villager (Male) |
| 23:24 | Create | Villager (Male) |
| 23:26 | Build | Lumber Camp |
| 23:31 | Build | Farm |
| 23:32 | Build | Farm |
| 23:34 | Build | Farm |
| 23:35 | Build | Farm |
| 23:37 | Build | Farm |
| 23:39 | Build | Farm |
| 23:42 | Create | Villager (Male) |
| 23:42 | Create | Villager (Male) |
| 23:43 | Create | Villager (Male) |
| 23:43 | Create | Villager (Male) |
| 23:43 | Create | Villager (Male) |
| 23:43 | Create | Villager (Male) |
| 24:01 | Create | Villager (Male) |
Build order — Théoden
First 150 of 385 actions detected
| 0:01 | Create | Villager (Male) |
| 0:01 | Create | Villager (Male) |
| 0:01 | Create | Villager (Male) |
| 0:01 | Create | Villager (Male) |
| 0:02 | Build | House |
| 0:03 | Build | House |
| 1:32 | Create | Villager (Male) |
| 1:45 | Build | Lumber Camp |
| 2:07 | Create | Villager (Male) |
| 2:07 | Create | Villager (Male) |
| 2:16 | Create | Villager (Male) |
| 2:16 | Create | Villager (Male) |
| 2:48 | Create | Villager (Male) |
| 2:48 | Create | Villager (Male) |
| 2:48 | Create | Villager (Male) |
| 2:48 | Create | Villager (Male) |
| 3:20 | Create | Villager (Male) |
| 3:20 | Create | Villager (Male) |
| 3:27 | Build | House |
| 3:47 | Create | Villager (Male) |
| 3:54 | Create | Villager (Male) |
| 3:54 | Create | Villager (Male) |
| 4:12 | Create | Villager (Male) |
| 4:45 | Create | Villager (Male) |
| 4:45 | Create | Villager (Male) |
| 4:45 | Create | Villager (Male) |
| 5:11 | Create | Villager (Male) |
| 5:18 | Create | Villager (Male) |
| 5:18 | Create | Villager (Male) |
| 5:28 | Create | Villager (Male) |
| 5:32 | Create | Villager (Male) |
| 5:58 | Build | Mill |
| 6:13 | Research | Loom |
| 6:44 | Research | Feudal Age |
| 6:44 | Research | Feudal Age |
| 7:05 | Build | Mining Camp |
| 8:11 | Create | Villager (Male) |
| 8:31 | Build | House |
| 8:44 | Create | Villager (Male) |
| 8:54 | Age | Feudal Age |
| 8:56 | Build | Watch Tower |
| 8:56 | Create | Villager (Male) |
| 9:00 | Research | Double-Bit Axe |
| 9:00 | Research | Double-Bit Axe |
| 9:16 | Create | Villager (Male) |
| 9:40 | Create | Villager (Male) |
| 10:05 | Build | Watch Tower |
| 10:12 | Build | Watch Tower |
| 10:15 | Create | Villager (Male) |
| 10:16 | Build | Farm |
| 10:42 | Create | Villager (Male) |
| 11:10 | Create | Villager (Male) |
| 11:15 | Build | Blacksmith |
| 11:46 | Create | Villager (Male) |
| 11:57 | Research | Fletching |
| 11:57 | Research | Fletching |
| 11:57 | Research | Fletching |
| 12:11 | Build | Farm |
| 12:40 | Create | Villager (Male) |
| 12:40 | Create | Villager (Male) |
| 12:48 | Build | House |
| 13:08 | Create | Villager (Male) |
| 13:08 | Create | Villager (Male) |
| 13:16 | Build | Farm |
| 13:51 | Build | Farm |
| 13:53 | Build | Farm |
| 13:54 | Build | Farm |
| 13:56 | Create | Villager (Male) |
| 13:56 | Create | Villager (Male) |
| 13:56 | Create | Villager (Male) |
| 14:27 | Build | Farm |
| 14:27 | Create | Villager (Male) |
| 14:27 | Create | Villager (Male) |
| 14:58 | Create | Villager (Male) |
| 14:58 | Create | Villager (Male) |
| 14:59 | Build | Farm |
| 15:14 | Create | Villager (Male) |
| 15:14 | Create | Villager (Male) |
| 15:29 | Create | Villager (Male) |
| 15:29 | Create | Villager (Male) |
| 15:30 | Build | Farm |
| 15:48 | Create | Villager (Male) |
| 15:48 | Create | Villager (Male) |
| 15:49 | Build | House |
| 16:01 | Create | Villager (Male) |
| 16:01 | Create | Villager (Male) |
| 16:23 | Create | Villager (Male) |
| 16:31 | Create | Villager (Male) |
| 16:55 | Create | Villager (Male) |
| 16:55 | Create | Villager (Male) |
| 17:02 | Create | Villager (Male) |
| 17:02 | Create | Villager (Male) |
| 17:06 | Build | Mill |
| 17:20 | Create | Villager (Male) |
| 17:20 | Create | Villager (Male) |
| 17:25 | Create | Villager (Male) |
| 17:25 | Create | Villager (Male) |
| 17:30 | Create | Villager (Male) |
| 17:32 | Build | House |
| 18:06 | Build | Mining Camp |
| 18:32 | Create | Villager (Male) |
| 19:02 | Build | Farm |
| 19:23 | Create | Villager (Male) |
| 19:28 | Build | House |
| 19:59 | Build | Market |
| 20:00 | Create | Villager (Male) |
| 20:47 | Research | Castle Age |
| 20:47 | Research | Castle Age |
| 20:47 | Research | Castle Age |
| 22:53 | Build | Lumber Camp |
| 22:55 | Build | Farm |
| 23:18 | Create | Villager (Male) |
| 23:28 | Age | Castle Age |
| 23:30 | Create | Villager (Male) |
| 23:46 | Build | Castle |
| 24:04 | Build | Farm |
| 24:26 | Build | Farm |
| 24:28 | Create | Villager (Male) |
| 24:30 | Create | Villager (Male) |
| 24:55 | Build | Mining Camp |
| 25:09 | Research | Imperial Age |
| 25:10 | Research | Imperial Age |
| 25:10 | Research | Imperial Age |
| 25:31 | Research | Gold Mining |
| 25:31 | Research | Gold Mining |
| 25:32 | Research | Gold Mining |
| 25:38 | Build | Farm |
| 25:49 | Research | Horse Collar |
| 25:49 | Research | Horse Collar |
| 26:21 | Build | House |
| 26:22 | Build | House |
| 26:23 | Build | House |
| 26:38 | Build | Siege Workshop |
| 26:41 | Create | Villager (Male) |
| 27:19 | Build | University |
| 28:00 | Build | Castle |
| 28:28 | Age | Imperial Age |
| 28:31 | Create | Trebuchet (Packed) |
| 28:32 | Create | Villager (Male) |
| 28:48 | Build | Castle |
| 28:50 | Create | Villager (Male) |
| 28:52 | Create | Villager (Male) |
| 29:06 | Create | Teutonic Knight |
| 29:10 | Create | Teutonic Knight |
| 29:31 | Create | Teutonic Knight |
| 29:39 | Create | Teutonic Knight |
| 29:39 | Create | Villager (Male) |
| 29:39 | Create | Villager (Male) |
| 29:39 | Create | Villager (Male) |
| 29:46 | Research | Chemistry |
Build order — SimmaHem7912
First 150 of 548 actions detected
| 0:02 | Create | Villager (Male) |
| 0:02 | Create | Villager (Male) |
| 0:02 | Create | Villager (Male) |
| 0:04 | Build | House |
| 0:05 | Build | House |
| 0:15 | Create | Villager (Male) |
| 1:31 | Create | Villager (Male) |
| 1:31 | Create | Villager (Male) |
| 2:05 | Create | Villager (Male) |
| 2:33 | Create | Villager (Male) |
| 2:34 | Create | Villager (Male) |
| 2:34 | Create | Villager (Male) |
| 3:13 | Create | Villager (Male) |
| 3:13 | Create | Villager (Male) |
| 3:19 | Build | Lumber Camp |
| 3:38 | Create | Villager (Male) |
| 3:38 | Create | Villager (Male) |
| 4:00 | Create | Villager (Male) |
| 4:01 | Create | Villager (Male) |
| 4:05 | Create | Villager (Male) |
| 4:06 | Build | House |
| 4:33 | Create | Villager (Male) |
| 4:38 | Create | Villager (Male) |
| 4:38 | Create | Villager (Male) |
| 5:24 | Create | Villager (Male) |
| 5:49 | Build | Mill |
| 5:49 | Build | Mill |
| 6:06 | Build | House |
| 6:21 | Create | Villager (Male) |
| 6:42 | Build | Mill |
| 7:24 | Build | Mill |
| 7:26 | Create | Villager (Male) |
| 7:40 | Build | Farm |
| 8:16 | Research | Feudal Age |
| 9:28 | Create | Villager (Male) |
| 9:52 | Build | Farm |
| 10:33 | Create | Villager (Male) |
| 10:39 | Create | Villager (Male) |
| 11:05 | Research | Castle Age |
| 12:07 | Create | Villager (Male) |
| 12:51 | Create | Villager (Male) |
| 13:09 | Create | Villager (Male) |
| 13:14 | Research | Double-Bit Axe |
| 13:15 | Research | Horse Collar |
| 13:47 | Build | Town Center |
| 13:48 | Create | Villager (Male) |
| 13:54 | Build | House |
| 14:09 | Create | Villager (Male) |
| 14:14 | Research | Bow Saw |
| 14:30 | Create | Villager (Male) |
| 14:40 | Build | Farm |
| 14:50 | Build | Town Center |
| 15:13 | Build | Farm |
| 15:16 | Create | Villager (Male) |
| 15:35 | Create | Villager (Male) |
| 15:36 | Build | Farm |
| 15:37 | Build | Farm |
| 15:37 | Build | Farm |
| 15:37 | Build | Farm |
| 15:38 | Build | Farm |
| 15:40 | Create | Villager (Male) |
| 15:43 | Create | Villager (Male) |
| 15:43 | Create | Villager (Male) |
| 15:52 | Build | House |
| 16:00 | Create | Villager (Male) |
| 16:06 | Build | Farm |
| 16:06 | Build | Farm |
| 16:06 | Build | Farm |
| 16:07 | Build | Farm |
| 16:07 | Build | Farm |
| 16:12 | Create | Villager (Male) |
| 16:23 | Create | Villager (Male) |
| 16:30 | Create | Villager (Male) |
| 16:32 | Build | Farm |
| 16:39 | Build | Farm |
| 16:44 | Create | Villager (Male) |
| 16:53 | Create | Villager (Male) |
| 16:57 | Build | Farm |
| 17:04 | Build | Farm |
| 17:06 | Create | Villager (Male) |
| 17:11 | Create | Villager (Male) |
| 17:16 | Create | Villager (Male) |
| 17:29 | Create | Villager (Male) |
| 17:32 | Create | Villager (Male) |
| 17:39 | Build | Monastery |
| 17:48 | Create | Villager (Male) |
| 17:52 | Create | Villager (Male) |
| 18:04 | Create | Villager (Male) |
| 18:09 | Create | Villager (Male) |
| 18:12 | Create | Monk |
| 18:13 | Build | House |
| 18:15 | Build | House |
| 18:21 | Build | Farm |
| 18:21 | Build | Farm |
| 18:21 | Build | Farm |
| 18:22 | Build | Farm |
| 18:22 | Build | Farm |
| 18:22 | Build | Farm |
| 18:22 | Build | Farm |
| 18:24 | Create | Villager (Male) |
| 18:26 | Create | Villager (Male) |
| 18:36 | Research | Loom |
| 18:43 | Research | Wheelbarrow |
| 18:43 | Research | Wheelbarrow |
| 18:48 | Build | House |
| 18:48 | Build | House |
| 18:56 | Build | Farm |
| 18:57 | Create | Villager (Male) |
| 19:00 | Create | Villager (Male) |
| 19:03 | Create | Monk |
| 19:03 | Create | Monk |
| 19:18 | Create | Villager (Male) |
| 19:32 | Create | Villager (Male) |
| 19:36 | Build | House |
| 19:42 | Research | Heavy Plow |
| 19:50 | Create | Villager (Male) |
| 20:06 | Create | Villager (Male) |
| 20:09 | Build | House |
| 20:14 | Create | Villager (Male) |
| 20:18 | Build | Lumber Camp |
| 20:21 | Create | Villager (Male) |
| 20:25 | Create | Villager (Male) |
| 20:28 | Create | Villager (Male) |
| 20:42 | Build | Town Center |
| 20:44 | Create | Villager (Male) |
| 20:55 | Create | Monk |
| 20:56 | Create | Villager (Male) |
| 21:00 | Build | Farm |
| 21:00 | Build | Farm |
| 21:00 | Build | Farm |
| 21:00 | Build | Farm |
| 21:00 | Build | Farm |
| 21:01 | Build | Farm |
| 21:01 | Build | Farm |
| 21:07 | Build | House |
| 21:14 | Build | Gate |
| 21:15 | Create | Villager (Male) |
| 21:16 | Create | Villager (Male) |
| 21:20 | Create | Villager (Male) |
| 21:29 | Create | Villager (Male) |
| 21:38 | Create | Villager (Male) |
| 21:46 | Create | Villager (Male) |
| 22:14 | Create | Villager (Male) |
| 22:17 | Create | Villager (Male) |
| 22:22 | Create | Villager (Male) |
| 22:33 | Build | Siege Workshop |
| 22:34 | Create | Villager (Male) |
| 22:38 | Create | Villager (Male) |
| 22:44 | Build | University |
| 22:45 | Create | Villager (Male) |
Build order — ATABEY
First 150 of 379 actions detected
| 0:01 | Create | Villager (Male) |
| 0:02 | Create | Villager (Male) |
| 0:03 | Build | House |
| 0:04 | Build | House |
| 0:20 | Create | Villager (Male) |
| 0:25 | Create | Villager (Male) |
| 1:34 | Create | Villager (Male) |
| 2:00 | Create | Villager (Male) |
| 2:11 | Build | Lumber Camp |
| 2:25 | Create | Villager (Male) |
| 2:42 | Create | Villager (Male) |
| 2:52 | Create | Villager (Male) |
| 3:24 | Create | Villager (Male) |
| 3:25 | Create | Villager (Male) |
| 3:28 | Build | House |
| 4:16 | Create | Villager (Male) |
| 4:19 | Create | Villager (Male) |
| 4:26 | Create | Villager (Male) |
| 4:55 | Create | Villager (Male) |
| 4:55 | Create | Villager (Male) |
| 4:59 | Build | House |
| 5:19 | Create | Villager (Male) |
| 5:31 | Build | Mill |
| 5:53 | Create | Villager (Male) |
| 6:10 | Create | Villager (Male) |
| 6:22 | Create | Villager (Male) |
| 6:47 | Create | Villager (Male) |
| 7:14 | Build | Mining Camp |
| 7:15 | Create | Villager (Male) |
| 8:03 | Create | Villager (Male) |
| 8:04 | Create | Villager (Male) |
| 8:17 | Research | Feudal Age |
| 9:18 | Create | Villager (Male) |
| 9:41 | Create | Villager (Male) |
| 9:45 | Build | House |
| 10:31 | Create | Villager (Male) |
| 10:36 | Age | Feudal Age |
| 10:37 | Create | Villager (Male) |
| 10:42 | Build | Market |
| 10:44 | Build | Blacksmith |
| 10:50 | Build | Market |
| 10:51 | Build | Blacksmith |
| 10:52 | Create | Villager (Male) |
| 10:54 | Build | Farm |
| 11:06 | Build | Farm |
| 11:07 | Build | Farm |
| 11:13 | Build | Farm |
| 11:58 | Build | Mining Camp |
| 12:07 | Research | Loom |
| 12:14 | Create | Villager (Male) |
| 12:16 | Build | Farm |
| 12:39 | Build | Farm |
| 12:42 | Create | Villager (Male) |
| 12:48 | Build | Farm |
| 13:07 | Create | Villager (Male) |
| 13:10 | Build | Farm |
| 13:34 | Research | Castle Age |
| 13:34 | Research | Castle Age |
| 13:51 | Build | House |
| 13:52 | Build | House |
| 14:28 | Research | Double-Bit Axe |
| 14:29 | Research | Double-Bit Axe |
| 15:51 | Create | Villager (Male) |
| 15:51 | Create | Villager (Male) |
| 15:51 | Create | Villager (Male) |
| 16:08 | Research | Loom |
| 16:13 | Create | Villager (Male) |
| 16:14 | Age | Castle Age |
| 16:14 | Create | Villager (Male) |
| 16:15 | Create | Villager (Male) |
| 16:40 | Create | Villager (Male) |
| 16:40 | Create | Villager (Male) |
| 16:55 | Create | Villager (Male) |
| 17:21 | Build | Castle |
| 17:31 | Create | Villager (Male) |
| 17:41 | Build | Palisade Gate |
| 17:48 | Build | Palisade Gate |
| 17:51 | Build | House |
| 17:54 | Create | Villager (Male) |
| 18:00 | Build | Town Center |
| 18:35 | Build | Stone Wall |
| 18:41 | Create | Villager (Male) |
| 18:50 | Create | Villager (Male) |
| 18:53 | Build | Farm |
| 18:53 | Build | Farm |
| 19:15 | Create | Conquistador |
| 19:16 | Create | Conquistador |
| 19:16 | Create | Conquistador |
| 19:21 | Build | Lumber Camp |
| 19:24 | Build | Mining Camp |
| 19:27 | Create | Conquistador |
| 19:28 | Create | Villager (Male) |
| 19:29 | Create | Villager (Male) |
| 19:30 | Create | Villager (Male) |
| 19:33 | Build | Farm |
| 19:42 | Research | Horse Collar |
| 19:49 | Research | Fletching |
| 19:57 | Create | Conquistador |
| 20:05 | Create | Villager (Male) |
| 20:07 | Create | Villager (Male) |
| 20:28 | Create | Villager (Male) |
| 20:42 | Create | Villager (Male) |
| 20:43 | Create | Villager (Male) |
| 20:56 | Create | Conquistador |
| 20:57 | Create | Conquistador |
| 21:14 | Create | Petard |
| 21:14 | Create | Petard |
| 21:27 | Build | Farm |
| 21:28 | Build | Farm |
| 21:39 | Create | Conquistador |
| 21:43 | Create | Petard |
| 21:43 | Create | Petard |
| 21:50 | Create | Conquistador |
| 22:14 | Create | Conquistador |
| 22:47 | Create | Conquistador |
| 22:49 | Create | Villager (Male) |
| 22:49 | Create | Villager (Male) |
| 23:03 | Create | Conquistador |
| 23:03 | Create | Conquistador |
| 23:14 | Build | Farm |
| 23:15 | Build | Farm |
| 23:30 | Create | Conquistador |
| 23:30 | Create | Conquistador |
| 23:54 | Create | Conquistador |
| 23:55 | Create | Villager (Male) |
| 23:56 | Create | Villager (Male) |
| 24:01 | Create | Villager (Male) |
| 24:12 | Create | Villager (Male) |
| 24:20 | Build | Castle |
| 24:32 | Create | Villager (Male) |
| 24:32 | Create | Villager (Male) |
| 24:41 | Create | Villager (Male) |
| 25:05 | Create | Petard |
| 25:05 | Create | Petard |
| 25:06 | Create | Petard |
| 25:15 | Create | Villager (Male) |
| 25:15 | Create | Villager (Male) |
| 25:45 | Create | Conquistador |
| 25:46 | Create | Conquistador |
| 25:47 | Create | Villager (Male) |
| 26:05 | Create | Conquistador |
| 26:14 | Create | Villager (Male) |
| 26:20 | Build | Farm |
| 26:20 | Build | Farm |
| 26:20 | Build | Farm |
| 26:20 | Build | Farm |
| 26:54 | Create | Conquistador |
| 26:56 | Build | Siege Workshop |
| 26:57 | Create | Villager (Male) |
| 26:58 | Create | Villager (Male) |
Build order — BF_Xin
First 150 of 568 actions detected
| 0:00 | Create | Villager (Male) |
| 0:01 | Create | Villager (Male) |
| 0:01 | Create | Villager (Male) |
| 0:03 | Build | House |
| 0:04 | Build | House |
| 0:10 | Create | Villager (Male) |
| 1:11 | Build | House |
| 1:24 | Create | Villager (Male) |
| 1:24 | Create | Villager (Male) |
| 2:06 | Create | Villager (Male) |
| 2:07 | Create | Villager (Male) |
| 2:07 | Create | Villager (Male) |
| 2:33 | Create | Villager (Male) |
| 2:33 | Create | Villager (Male) |
| 2:37 | Build | Lumber Camp |
| 2:57 | Create | Villager (Male) |
| 2:57 | Create | Villager (Male) |
| 3:18 | Create | Villager (Male) |
| 3:42 | Create | Villager (Male) |
| 3:42 | Create | Villager (Male) |
| 4:04 | Create | Villager (Male) |
| 4:05 | Create | Villager (Male) |
| 4:33 | Create | Villager (Male) |
| 4:34 | Create | Villager (Male) |
| 4:52 | Create | Villager (Male) |
| 4:59 | Create | Villager (Male) |
| 5:00 | Create | Villager (Male) |
| 5:02 | Build | Mining Camp |
| 5:43 | Create | Villager (Male) |
| 5:46 | Create | Villager (Male) |
| 5:46 | Create | Villager (Male) |
| 6:43 | Research | Feudal Age |
| 6:43 | Research | Feudal Age |
| 6:43 | Research | Feudal Age |
| 6:43 | Research | Feudal Age |
| 6:43 | Research | Feudal Age |
| 7:28 | Build | Mill |
| 8:51 | Build | House |
| 8:53 | Age | Feudal Age |
| 8:55 | Create | Villager (Male) |
| 9:07 | Create | Villager (Male) |
| 9:25 | Build | Watch Tower |
| 9:29 | Create | Villager (Male) |
| 9:38 | Build | Blacksmith |
| 9:48 | Build | House |
| 10:01 | Create | Villager (Male) |
| 10:15 | Build | Watch Tower |
| 10:18 | Research | Fletching |
| 10:19 | Research | Fletching |
| 10:27 | Create | Villager (Male) |
| 10:57 | Create | Villager (Male) |
| 10:58 | Create | Villager (Male) |
| 11:17 | Build | Farm |
| 11:35 | Build | Farm |
| 11:46 | Create | Villager (Male) |
| 11:46 | Create | Villager (Male) |
| 12:22 | Create | Villager (Male) |
| 12:30 | Create | Villager (Male) |
| 12:30 | Create | Villager (Male) |
| 12:32 | Build | Farm |
| 12:33 | Build | Farm |
| 12:33 | Build | Farm |
| 12:34 | Build | Farm |
| 13:21 | Create | Villager (Male) |
| 13:21 | Create | Villager (Male) |
| 13:23 | Build | House |
| 13:45 | Create | Villager (Male) |
| 13:56 | Build | House |
| 14:04 | Create | Villager (Male) |
| 14:04 | Create | Villager (Male) |
| 14:45 | Create | Villager (Male) |
| 15:02 | Research | Double-Bit Axe |
| 15:02 | Research | Double-Bit Axe |
| 15:02 | Research | Double-Bit Axe |
| 15:02 | Research | Double-Bit Axe |
| 15:19 | Create | Villager (Male) |
| 15:54 | Create | Villager (Male) |
| 16:17 | Create | Villager (Male) |
| 16:37 | Build | Market |
| 16:42 | Create | Villager (Male) |
| 16:43 | Create | Villager (Male) |
| 16:54 | Create | Villager (Male) |
| 17:10 | Build | Farm |
| 17:14 | Build | Farm |
| 17:21 | Build | House |
| 17:22 | Create | Villager (Male) |
| 17:22 | Create | Villager (Male) |
| 17:47 | Build | Mining Camp |
| 18:01 | Create | Villager (Male) |
| 18:05 | Build | Farm |
| 18:07 | Build | Farm |
| 18:16 | Build | Farm |
| 18:24 | Create | Villager (Male) |
| 18:45 | Research | Stone Mining |
| 18:45 | Research | Stone Mining |
| 18:52 | Build | Stone Wall |
| 18:54 | Create | Villager (Male) |
| 19:00 | Build | Stone Wall |
| 19:08 | Build | Stone Wall |
| 19:13 | Create | Villager (Male) |
| 19:17 | Build | Stone Wall |
| 19:44 | Build | Stone Wall |
| 19:59 | Create | Villager (Male) |
| 20:18 | Build | Watch Tower |
| 20:33 | Create | Villager (Male) |
| 20:43 | Build | Watch Tower |
| 20:48 | Build | Stone Wall |
| 21:10 | Research | Loom |
| 21:10 | Research | Loom |
| 21:20 | Build | Stone Wall |
| 22:03 | Research | Castle Age |
| 22:03 | Research | Castle Age |
| 22:03 | Research | Castle Age |
| 22:03 | Research | Castle Age |
| 22:03 | Research | Castle Age |
| 22:03 | Research | Castle Age |
| 24:03 | Build | House |
| 24:08 | Research | Horse Collar |
| 24:08 | Research | Horse Collar |
| 24:08 | Research | Horse Collar |
| 24:43 | Age | Castle Age |
| 24:49 | Build | Town Center |
| 24:52 | Research | Bow Saw |
| 24:52 | Research | Bow Saw |
| 24:52 | Research | Bow Saw |
| 24:52 | Create | Villager (Male) |
| 24:55 | Create | Villager (Male) |
| 24:57 | Research | Heavy Plow |
| 25:02 | Build | Watch Tower |
| 25:03 | Create | Villager (Male) |
| 25:05 | Research | Bodkin Arrow |
| 25:05 | Research | Bodkin Arrow |
| 25:20 | Build | University |
| 25:40 | Build | Watch Tower |
| 25:47 | Build | Watch Tower |
| 25:56 | Build | Castle |
| 26:33 | Create | Villager (Male) |
| 26:35 | Build | Stone Wall |
| 27:02 | Build | Mill |
| 27:03 | Build | Farm |
| 27:03 | Build | Farm |
| 27:03 | Build | Farm |
| 27:03 | Build | Farm |
| 27:04 | Build | Farm |
| 27:04 | Build | Farm |
| 27:31 | Build | Town Center |
| 28:12 | Build | Siege Workshop |
| 28:13 | Create | Villager (Male) |
| 28:19 | Build | Lumber Camp |
| 28:20 | Create | Villager (Male) |
Build order — Bzm_Going
First 150 of 528 actions detected
| 0:01 | Create | Villager (Male) |
| 0:01 | Create | Villager (Male) |
| 0:01 | Create | Villager (Male) |
| 0:02 | Create | Villager (Male) |
| 0:02 | Create | Villager (Male) |
| 0:03 | Build | House |
| 0:04 | Build | House |
| 1:14 | Create | Villager (Male) |
| 1:41 | Create | Villager (Male) |
| 1:41 | Create | Villager (Male) |
| 2:02 | Build | Lumber Camp |
| 2:21 | Create | Villager (Male) |
| 2:34 | Create | Villager (Male) |
| 2:35 | Create | Villager (Male) |
| 2:54 | Create | Villager (Male) |
| 3:17 | Create | Villager (Male) |
| 3:17 | Create | Villager (Male) |
| 3:57 | Create | Villager (Male) |
| 3:57 | Create | Villager (Male) |
| 3:58 | Create | Villager (Male) |
| 4:01 | Build | House |
| 4:01 | Build | House |
| 4:02 | Build | House |
| 4:44 | Create | Villager (Male) |
| 4:50 | Build | Mill |
| 4:56 | Create | Villager (Male) |
| 4:56 | Create | Villager (Male) |
| 5:18 | Create | Villager (Male) |
| 5:18 | Create | Villager (Male) |
| 5:38 | Create | Villager (Male) |
| 5:51 | Create | Villager (Male) |
| 6:22 | Build | Farm |
| 6:30 | Create | Villager (Male) |
| 6:33 | Create | Villager (Male) |
| 6:49 | Create | Villager (Male) |
| 6:49 | Create | Villager (Male) |
| 6:54 | Build | Lumber Camp |
| 7:07 | Build | Farm |
| 7:29 | Create | Villager (Male) |
| 7:46 | Create | Villager (Male) |
| 8:17 | Create | Villager (Male) |
| 8:59 | Build | Mining Camp |
| 10:06 | Research | Feudal Age |
| 10:21 | Build | House |
| 10:58 | Build | House |
| 10:59 | Build | House |
| 12:16 | Age | Feudal Age |
| 12:24 | Create | Villager (Male) |
| 12:29 | Build | Market |
| 12:32 | Build | Blacksmith |
| 12:51 | Research | Double-Bit Axe |
| 12:53 | Create | Villager (Male) |
| 13:18 | Create | Villager (Male) |
| 13:26 | Research | Castle Age |
| 13:26 | Research | Castle Age |
| 14:23 | Research | Horse Collar |
| 14:23 | Research | Horse Collar |
| 14:38 | Build | Farm |
| 14:39 | Build | Farm |
| 14:40 | Build | Farm |
| 14:44 | Build | Farm |
| 14:47 | Build | Farm |
| 14:49 | Build | Farm |
| 15:01 | Build | Farm |
| 16:23 | Age | Castle Age |
| 16:28 | Build | Town Center |
| 16:30 | Build | Town Center |
| 16:34 | Build | Town Center |
| 16:36 | Create | Villager (Male) |
| 16:36 | Create | Villager (Male) |
| 16:54 | Research | Wheelbarrow |
| 16:54 | Research | Wheelbarrow |
| 17:00 | Create | Villager (Male) |
| 17:17 | Create | Villager (Male) |
| 17:17 | Create | Villager (Male) |
| 17:23 | Create | Villager (Male) |
| 17:34 | Create | Villager (Male) |
| 17:35 | Create | Villager (Male) |
| 17:36 | Create | Villager (Male) |
| 17:36 | Create | Villager (Male) |
| 17:39 | Build | Farm |
| 17:39 | Build | Farm |
| 17:39 | Build | Farm |
| 17:39 | Build | Farm |
| 17:39 | Build | Farm |
| 17:40 | Build | Farm |
| 17:49 | Build | Farm |
| 17:49 | Build | Farm |
| 17:49 | Build | Farm |
| 17:49 | Build | Farm |
| 17:50 | Build | Farm |
| 17:50 | Build | Farm |
| 17:50 | Build | Farm |
| 17:54 | Create | Villager (Male) |
| 17:55 | Create | Villager (Male) |
| 17:55 | Create | Villager (Male) |
| 18:02 | Build | Farm |
| 18:03 | Build | Farm |
| 18:05 | Create | Villager (Male) |
| 18:06 | Create | Villager (Male) |
| 18:22 | Build | Farm |
| 18:23 | Build | Farm |
| 18:32 | Build | Farm |
| 18:33 | Create | Villager (Male) |
| 18:33 | Create | Villager (Male) |
| 18:42 | Create | Villager (Male) |
| 18:42 | Create | Villager (Male) |
| 18:51 | Build | Lumber Camp |
| 18:54 | Create | Villager (Male) |
| 18:54 | Create | Villager (Male) |
| 19:05 | Build | Farm |
| 19:06 | Create | Villager (Male) |
| 19:06 | Create | Villager (Male) |
| 19:10 | Build | Farm |
| 19:18 | Create | Villager (Male) |
| 19:18 | Create | Villager (Male) |
| 19:18 | Create | Villager (Male) |
| 19:22 | Build | Farm |
| 19:25 | Build | Farm |
| 19:35 | Create | Villager (Male) |
| 19:35 | Create | Villager (Male) |
| 19:35 | Create | Villager (Male) |
| 19:39 | Create | Villager (Male) |
| 19:42 | Build | Farm |
| 19:44 | Build | Farm |
| 19:49 | Build | Farm |
| 19:50 | Create | Villager (Male) |
| 19:50 | Create | Villager (Male) |
| 19:58 | Create | Villager (Male) |
| 19:58 | Create | Villager (Male) |
| 19:58 | Create | Villager (Male) |
| 20:01 | Build | Farm |
| 20:04 | Build | Farm |
| 20:11 | Build | Farm |
| 20:12 | Create | Villager (Male) |
| 20:12 | Create | Villager (Male) |
| 20:12 | Create | Villager (Male) |
| 20:12 | Create | Villager (Male) |
| 20:13 | Create | Villager (Male) |
| 20:13 | Create | Villager (Male) |
| 20:20 | Create | Villager (Male) |
| 20:21 | Create | Villager (Male) |
| 20:21 | Create | Villager (Male) |
| 20:21 | Create | Villager (Male) |
| 20:25 | Build | Lumber Camp |
| 20:32 | Build | Farm |
| 20:42 | Create | Villager (Male) |
| 20:42 | Create | Villager (Male) |
| 20:51 | Create | Villager (Male) |
| 20:51 | Create | Villager (Male) |
Build order — Saruman
First 150 of 444 actions detected
| 0:01 | Create | Villager (Male) |
| 0:01 | Create | Villager (Male) |
| 0:02 | Create | Villager (Male) |
| 0:02 | Create | Villager (Male) |
| 0:02 | Create | Villager (Male) |
| 0:03 | Build | House |
| 0:05 | Build | House |
| 1:25 | Create | Villager (Male) |
| 1:48 | Build | Lumber Camp |
| 2:01 | Create | Villager (Male) |
| 2:02 | Create | Villager (Male) |
| 2:19 | Create | Villager (Male) |
| 2:42 | Build | House |
| 2:45 | Build | House |
| 2:51 | Create | Villager (Male) |
| 3:15 | Create | Villager (Male) |
| 3:43 | Create | Villager (Male) |
| 4:08 | Create | Villager (Male) |
| 4:09 | Create | Villager (Male) |
| 4:26 | Create | Villager (Male) |
| 4:26 | Create | Villager (Male) |
| 4:42 | Build | Mill |
| 5:04 | Create | Villager (Male) |
| 5:04 | Create | Villager (Male) |
| 5:23 | Create | Villager (Male) |
| 5:23 | Create | Villager (Male) |
| 5:55 | Create | Villager (Male) |
| 5:56 | Create | Villager (Male) |
| 5:56 | Create | Villager (Male) |
| 6:49 | Build | Mining Camp |
| 7:01 | Create | Villager (Male) |
| 7:34 | Research | Feudal Age |
| 7:34 | Research | Feudal Age |
| 8:01 | Create | Villager (Male) |
| 8:01 | Create | Villager (Male) |
| 8:02 | Research | Loom |
| 10:06 | Age | Feudal Age |
| 10:08 | Build | Market |
| 10:09 | Build | Blacksmith |
| 10:18 | Create | Villager (Male) |
| 10:21 | Research | Loom |
| 11:16 | Research | Castle Age |
| 11:17 | Research | Castle Age |
| 11:21 | Build | House |
| 11:22 | Build | House |
| 11:35 | Research | Double-Bit Axe |
| 11:35 | Research | Double-Bit Axe |
| 12:32 | Research | Horse Collar |
| 12:32 | Research | Horse Collar |
| 13:13 | Build | Farm |
| 13:14 | Build | Farm |
| 13:16 | Build | Farm |
| 13:17 | Build | Farm |
| 13:22 | Create | Villager (Male) |
| 13:23 | Create | Villager (Male) |
| 14:01 | Age | Castle Age |
| 14:04 | Build | Town Center |
| 14:09 | Build | Town Center |
| 14:19 | Create | Villager (Male) |
| 14:40 | Build | Siege Workshop |
| 14:41 | Create | Villager (Male) |
| 15:07 | Build | Farm |
| 15:08 | Build | Farm |
| 15:09 | Create | Villager (Male) |
| 15:14 | Create | Villager (Male) |
| 15:20 | Build | Farm |
| 15:24 | Create | Villager (Male) |
| 15:49 | Create | Mangonel |
| 16:01 | Build | Farm |
| 16:08 | Create | Villager (Male) |
| 16:26 | Create | Villager (Male) |
| 16:39 | Build | Farm |
| 16:46 | Build | Farm |
| 16:47 | Build | Farm |
| 16:50 | Create | Villager (Male) |
| 16:58 | Create | Villager (Male) |
| 17:18 | Create | Mangonel |
| 17:50 | Create | Villager (Male) |
| 17:50 | Create | Villager (Male) |
| 17:51 | Create | Villager (Male) |
| 17:58 | Build | Barracks |
| 18:16 | Create | Villager (Male) |
| 18:29 | Research | Fletching |
| 18:29 | Research | Fletching |
| 18:30 | Research | Fletching |
| 18:35 | Build | House |
| 18:36 | Build | House |
| 18:38 | Build | House |
| 18:41 | Create | Mangonel |
| 18:53 | Create | Villager (Male) |
| 18:56 | Create | Villager (Male) |
| 18:56 | Create | Villager (Male) |
| 19:24 | Build | Outpost |
| 19:32 | Build | Archery Range |
| 19:33 | Create | Villager (Male) |
| 19:33 | Create | Villager (Male) |
| 19:47 | Build | Outpost |
| 19:49 | Create | Villager (Male) |
| 19:59 | Build | Archery Range |
| 20:05 | Create | Villager (Male) |
| 20:19 | Build | Farm |
| 20:26 | Create | Villager (Male) |
| 20:26 | Create | Villager (Male) |
| 20:41 | Create | Archer |
| 20:41 | Create | Archer |
| 20:58 | Build | Archery Range |
| 20:59 | Create | Villager (Male) |
| 21:00 | Create | Villager (Male) |
| 21:25 | Build | House |
| 21:26 | Build | House |
| 21:27 | Build | House |
| 21:27 | Build | House |
| 21:33 | Create | Villager (Male) |
| 21:34 | Create | Villager (Male) |
| 21:49 | Build | Castle |
| 21:54 | Create | Villager (Male) |
| 21:57 | Build | Farm |
| 22:04 | Build | Farm |
| 22:05 | Build | Farm |
| 22:07 | Build | Farm |
| 22:15 | Create | Archer |
| 22:16 | Create | Archer |
| 22:17 | Create | Villager (Male) |
| 22:18 | Create | Villager (Male) |
| 22:22 | Create | Villager (Male) |
| 22:22 | Create | Villager (Male) |
| 22:27 | Build | Farm |
| 22:43 | Create | Archer |
| 22:44 | Create | Archer |
| 22:44 | Create | Archer |
| 22:49 | Create | Villager (Male) |
| 22:49 | Create | Villager (Male) |
| 22:56 | Create | Villager (Male) |
| 22:56 | Create | Villager (Male) |
| 23:08 | Build | University |
| 23:17 | Create | Villager (Male) |
| 23:18 | Create | Villager (Male) |
| 23:28 | Build | Farm |
| 23:29 | Build | Farm |
| 23:36 | Create | Villager (Male) |
| 23:38 | Build | House |
| 23:39 | Build | House |
| 23:42 | Build | Farm |
| 23:49 | Build | Farm |
| 23:56 | Build | Farm |
| 24:18 | Research | Crossbowman (upgrade) |
| 24:18 | Research | Crossbowman (upgrade) |
| 24:39 | Research | Ballistics |
| 24:39 | Research | Ballistics |
| 25:21 | Build | Gate |
Match timeline
| 8:53 | BF_Xin · age_up feudal |
| 8:54 | Théoden · age_up feudal |
| 10:06 | Saruman · age_up feudal |
| 10:36 | ATABEY · age_up feudal |
| 11:21 | pokka86 · age_up feudal |
| 12:12 | Bzm_Castle · age_up feudal |
| 12:16 | Bzm_Going · age_up feudal |
| 14:01 | Saruman · age_up castle |
| 14:40 | Saruman · first_building Siege Workshop |
| 14:59 | pokka86 · age_up castle |
| 15:02 | pokka86 · first_building Monastery |
| 15:22 | Bzm_Going · first_market_buy 100 stone |
| 16:14 | ATABEY · age_up castle |
| 16:23 | Bzm_Going · age_up castle |
| 17:05 | Bzm_Castle · age_up castle |
| 17:15 | Bzm_Castle · first_building Castle |
| 17:21 | ATABEY · first_building Castle |
| 17:24 | Bzm_Castle · first_building Monastery |
| 17:39 | SimmaHem7912 · first_building Monastery |
| 17:58 | Saruman · first_building Barracks |
| 18:35 | ATABEY · wall_segment Stone Wall x1 |
| 18:52 | BF_Xin · wall_segment Stone Wall x1 |
| 19:00 | BF_Xin · wall_segment Stone Wall x13 |
| 19:08 | BF_Xin · wall_segment Stone Wall x8 |
| 19:17 | BF_Xin · wall_segment Stone Wall x1 |
| 19:32 | Saruman · first_building Archery Range |
| 19:44 | BF_Xin · wall_segment Stone Wall x5 |
| 20:46 | Théoden · first_market_sell 100 food |
| 20:48 | BF_Xin · wall_segment Stone Wall x1 |
| 21:01 | pokka86 · wall_segment Palisade Wall x1 |
| 21:02 | pokka86 · wall_segment Palisade Wall x1 |
| 21:04 | pokka86 · wall_segment Palisade Wall x1 |
| 21:20 | BF_Xin · wall_segment Stone Wall x1 |
| 21:49 | Saruman · first_building Castle |
| 21:53 | BF_Xin · first_market_sell 100 wood |
| 21:59 | Bzm_Castle · first_building Siege Workshop |
| 22:01 | BF_Xin · first_market_buy 100 food |
| 22:07 | pokka86 · wall_segment Palisade Wall x1 |
| 22:08 | pokka86 · wall_segment Palisade Wall x1 |
| 22:33 | SimmaHem7912 · first_building Siege Workshop |
| 23:07 | pokka86 · first_market_buy 100 wood |
| 23:28 | Théoden · age_up castle |
| 23:46 | Théoden · first_building Castle |
| 24:33 | SimmaHem7912 · wall_segment Stone Wall x7 |
| 24:43 | BF_Xin · age_up castle |
| 24:55 | SimmaHem7912 · first_market_sell 500 wood |
| 24:57 | SimmaHem7912 · first_market_buy 100 food |
| 25:00 | Bzm_Going · first_building Monastery |
| 25:25 | SimmaHem7912 · first_building Castle |
| 25:29 | pokka86 · first_building Castle |
| 25:56 | BF_Xin · first_building Castle |
| 26:22 | Bzm_Going · first_building Barracks |
| 26:24 | Bzm_Castle · first_market_buy 100 food |
| 26:28 | Bzm_Castle · first_market_sell 100 wood |
| 26:30 | pokka86 · first_building Barracks |
| 26:35 | BF_Xin · wall_segment Stone Wall x1 |
| 26:38 | Théoden · first_building Siege Workshop |
| 26:56 | ATABEY · first_building Siege Workshop |
| 27:01 | Bzm_Going · first_building Stable |
| 27:25 | pokka86 · first_building Stable |
| 27:26 | Bzm_Castle · first_building Barracks |
| 28:08 | Bzm_Castle · first_building Archery Range |
| 28:12 | BF_Xin · first_building Siege Workshop |
| 28:12 | ATABEY · first_market_buy 100 wood |
| 28:28 | Théoden · age_up imperial |
| 29:01 | pokka86 · age_up imperial |
| 29:06 | pokka86 · first_building Siege Workshop |
| 29:15 | BF_Xin · wall_segment Stone Wall x1 |
| 29:20 | BF_Xin · wall_segment Stone Wall x5 |
| 29:22 | Bzm_Going · age_up imperial |
| 29:24 | BF_Xin · wall_segment Stone Wall x4 |
| 29:55 | Bzm_Castle · age_up imperial |
| 30:32 | Théoden · first_market_buy 100 stone |
| 30:37 | ATABEY · tribute_sent a jugador 1 |
| 30:37 | ATABEY · tribute_sent a jugador 2 |
| 30:37 | ATABEY · tribute_sent a jugador 3 |
| 30:37 | ATABEY · tribute_sent a jugador 5 |
| 30:37 | ATABEY · tribute_sent a jugador 6 |
| 30:37 | ATABEY · tribute_sent a jugador 7 |
| 30:37 | ATABEY · tribute_sent a jugador 8 |
| 30:42 | Saruman · age_up imperial |
| 31:24 | BF_Xin · wall_segment Stone Wall x3 |
| 31:52 | BF_Xin · wall_segment Stone Wall x1 |
| 33:23 | BF_Xin · wall_segment Stone Wall x1 |
| 34:04 | Saruman · first_market_sell 100 wood |
| 34:05 | ATABEY · first_building Barracks |
| 35:05 | ATABEY · first_building Stable |
| 35:14 | BF_Xin · wall_segment Stone Wall x4 |
| 35:48 | BF_Xin · first_building Barracks |
| 36:02 | pokka86 · first_market_sell 500 wood |
| 36:13 | pokka86 · tribute_sent a jugador 1 |
| 36:13 | pokka86 · tribute_sent a jugador 2 |
| 36:13 | pokka86 · tribute_sent a jugador 3 |
| 36:13 | pokka86 · tribute_sent a jugador 4 |
| 36:13 | pokka86 · tribute_sent a jugador 5 |
| 36:13 | pokka86 · tribute_sent a jugador 7 |
| 36:13 | pokka86 · tribute_sent a jugador 8 |
| 36:28 | BF_Xin · wall_segment Stone Wall x1 |
| 36:38 | SimmaHem7912 · first_building Barracks |
| 37:03 | ATABEY · age_up imperial |
| 37:09 | BF_Xin · wall_segment Palisade Wall x1 |
| 37:12 | BF_Xin · wall_segment Stone Wall x1 |
| 37:25 | SimmaHem7912 · first_building Stable |
| 37:42 | BF_Xin · age_up imperial |
| 39:47 | pokka86 · tribute_sent a jugador 1 |
| 39:47 | pokka86 · tribute_sent a jugador 2 |
| 39:47 | pokka86 · tribute_sent a jugador 3 |
| 39:47 | pokka86 · tribute_sent a jugador 4 |
| 39:47 | pokka86 · tribute_sent a jugador 5 |
| 39:47 | pokka86 · tribute_sent a jugador 7 |
| 39:47 | pokka86 · tribute_sent a jugador 8 |
| 40:36 | Théoden · first_building Barracks |
| 40:51 | pokka86 · tribute_sent a jugador 1 |
| 40:51 | pokka86 · tribute_sent a jugador 2 |
| 40:51 | pokka86 · tribute_sent a jugador 3 |
| 40:51 | pokka86 · tribute_sent a jugador 4 |
| 40:51 | pokka86 · tribute_sent a jugador 5 |
| 40:51 | pokka86 · tribute_sent a jugador 7 |
| 40:51 | pokka86 · tribute_sent a jugador 8 |
| 40:56 | Saruman · first_building Monastery |
| 44:08 | pokka86 · tribute_sent a jugador 1 |
| 44:08 | pokka86 · tribute_sent a jugador 2 |
| 44:08 | pokka86 · tribute_sent a jugador 3 |
| 44:08 | pokka86 · tribute_sent a jugador 4 |
| 44:08 | pokka86 · tribute_sent a jugador 5 |
| 44:08 | pokka86 · tribute_sent a jugador 7 |
| 44:08 | pokka86 · tribute_sent a jugador 8 |
| 44:17 | ATABEY · first_building Archery Range |
| 44:36 | Bzm_Going · resign |
| 45:29 | pokka86 · tribute_sent a jugador 1 |
| 45:29 | pokka86 · tribute_sent a jugador 2 |
| 45:29 | pokka86 · tribute_sent a jugador 3 |
| 45:29 | pokka86 · tribute_sent a jugador 4 |
| 45:29 | pokka86 · tribute_sent a jugador 5 |
| 45:29 | pokka86 · tribute_sent a jugador 7 |
| 45:29 | pokka86 · tribute_sent a jugador 8 |
[ AI ANALYSIS · 1 CREDIT ]
What really happened in this match?
Wolo.gg analyzes every decision: build order, eco, micro, common mistakes by bracket. Personalized analysis on WhatsApp or Discord in 30 seconds.
Civ guide
Hindustanis
Perfil
Jugador #1635296